 Dungeon Crawl Stone Soup version 0.24.0-123-gd5b16e6ec5 (webtiles) character file.

Game seed: 10315795186140128911, levelgen mode: deterministic

2929 mortelune the Cleaver (level 10, -4/80 HPs)
             Began as a Formicid Abyssal Knight on Dec 21, 2019.
             Was a Priest of Lugonu.
             Slain by a two-headed ogre
             ... wielding a +0 giant club
              (13 damage)
             ... on level 8 of the Dungeon.
             The game lasted 00:26:57 (10832 turns).

mortelune the Cleaver (Formicid Abyssal Knight)    Turns: 10832, Time: 00:26:58

Health: -4/80      AC: 16    Str: 20    XL:     10   Next: 7%
Magic:  0/11       EV:  8    Int: 12    God:    Lugonu [***...]
Gold:   285        SH:  0    Dex: 11    Spells: 9/9 levels left

rFire    + . .     SeeInvis +   i - +0 battleaxe
rCold    + . .     Gourm    .   (no shield)
rNeg     . . .     Faith    .   s - +0 chain mail
rPois    +         Spirit   +   (helmet unavailable)
rElec    .         Reflect  .   g - scarf {rC+ rF+}
rCorr    .         Harm     .   h - +1 pair of gloves
MR       +....                  x - +0 pair of boots
Stlth    ..........             z - amulet of guardian spirit
HPRegen  0.23/turn              t - ring of poison resistance
MPRegen  0.12/turn              y - +3 ring of dexterity

@: no status effects
A: permanent stasis, dig shafts and tunnels, four strong arms, antennae 3, icy
blue scales 1, clumsy 1
a: Dig, Shaft Self, Depart the Abyss, Bend Space, Banish, Renounce Religion


You were on level 8 of the Dungeon.
You worshipped Lugonu.
Lugonu was most pleased with you.
You were very hungry.

You visited 1 branch of the dungeon, and saw 10 of its levels.
You visited the Abyss 1 time.

You collected 285 gold pieces.

Inventory:

Hand Weapons
 i - a +0 battleaxe (weapon)
 q - a +0 mace
 C - the +8 dagger of Kismet {speed, rC+ MR++}
   (You found it on level 6 of the Dungeon)

   Attacks with this weapon are significantly faster.
   It protects you from cold.
   It affects your resistance to hostile enchantments.
Missiles
 b - 4 javelins (quivered)
 r - 3 boomerangs of dispersal
Armour
 a - a +0 scale mail
 g - a scarf of resistance (worn)
 h - a +1 pair of gloves (worn)
 s - a +0 chain mail (worn)
 x - a +0 pair of boots (worn)
Jewellery
 l - an uncursed amulet of the gourmand
 t - a ring of poison resistance (left hand)
 u - an uncursed ring of wizardry
 v - an uncursed ring of fire
 w - an uncursed ring of flight
 y - a +3 ring of dexterity (right hand)
 z - an amulet of guardian spirit (around neck)
Wands
 m - a wand of polymorph (7)
 B - a wand of digging (4)
Scrolls
 f - a scroll of amnesia
 k - 4 scrolls of remove curse
 p - 2 scrolls of immolation
 A - a scroll of enchant armour
Potions
 d - 2 potions of haste
 e - a potion of flight {unknown}
 j - 2 potions of brilliance
 n - 3 potions of ambrosia {unknown}
 o - a potion of mutation
 E - a potion of magic {unknown}
 F - 2 potions of degeneration {unknown}
Comestibles
 c - 15 rations


   Skills:
 + Level 8.0 Fighting
 + Level 9.6 Axes
 + Level 7.5 Armour
 - Level 0.8 Dodging
 + Level 2.2 Invocations


You had 9 spell levels left.
You didn't know any spells.
Your spell library contained the following spells:

 Spells                   Type           Power        Failure   Level  Hunger
 Apportation              Tloc           #.....       95%         1    ##.....
 Corona                   Hex            #......      95%         1    ##.....
 Slow                     Hex            #.......     99%         2    ###....
 Inner Flame              Hex/Fire       #.......     100%        3    ####...
 Portal Projectile        Hex/Tloc       #.....       100%        3    ####...
 Cause Fear               Hex            #.........   100%        4    #####..
 Leda's Liquefaction      Hex/Erth       #.........   100%        4    #####..


Dungeon Overview and Level Annotations

Branches:
Dungeon (10/15)            Temple (0/1) D:4
   Lair: D:8-11         Orc: D:9-12

Altars:
Cheibriados
Dithmenos
Elyvilon
Fedhas
Kikubaaqudgha
Makhleb
Okawaru
Ru
Sif Muna
Trog
Vehumet
The Shining One

Annotations:
D:10 Harold


Innate Abilities, Weirdness & Mutations

You cannot be hasted, slowed, berserked, paralysed or teleported.
You can dig through walls and to a lower floor.
Your four strong arms can wield two-handed weapons with a shield.
You have a pair of large antennae on your head. (SInv)
You are partially covered in icy blue scales. (AC +2)
You are clumsy. (Dex -2)


Message History

The two-headed ogre barely misses you. x2
The bullfrog hits you but does no damage.
Press: ? - help, Shift-Dir - straight line, f/p - two-headed ogre
Aim: a two-headed ogre, wielding two +0 giant clubs (chance to defeat MR: 67%)
The two-headed ogre struggles to resist.
You are feeling very hungry.
The two-headed ogre hits you with a +0 giant club! x2
The bullfrog hits you but does no damage.
Okay, then.
Are you sure you want to shaft yourself?
You feel quite a bit more hungry. The bullfrog closely misses you.
The two-headed ogre hits you with a +0 giant club!!
* * * LOW HITPOINT WARNING * * *
The two-headed ogre closely misses you. The bullfrog hits you.
* * * LOW HITPOINT WARNING * * *
You begin to dig a shaft.
You continue digging a shaft.
The bullfrog hits you but does no damage.
The two-headed ogre hits you but does no damage.
The two-headed ogre hits you with a +0 giant club!
You die...

#####).#####.###### .
##.#.#''#.#.#.##....
....##########.............##.###
...........[)...P.........###.#
.###.#########.........P..###'###
###.#########...................
........)..............>........
..#.....#########.###...........
#####.......O@F...............
####...........###a.###..........
............##.# ##..............
........######.# ..............
....####.## ..# #.............
### ##.## ... #.............
#..#.##... #...#.######'#
###.#{#.... ...#.######.# {
#.##{...... ..........


You could see a two-headed ogre, a bullfrog and a worker ant.

Vanquished Creatures
  2 hippogriffs (D:7)
  2 yaks (D:5)
  2 phantoms
  2 sky beasts
  3 black bears (D:7)
  An orc warrior (D:7)
  2 ice beasts
  2 ogres
  A big kobold (D:8)
  A bullfrog (D:6)
  A scorpion (D:6)
  A killer bee (D:9)
  2 crimson imps
  9 orc priests
  3 hounds
  A jelly (D:8)
  10 orc wizards
  A killer bee zombie (D:8)
  A mummy (D:6)
  2 worker ant zombies
  5 adders
  2 gnolls (D:9)
  3 oozes
  2 adder zombies
  An adder skeleton (D:4)
  3 worms
  2 dart slugs (D:1)
  5 leopard geckos
  19 orcs
  5 giant cockroaches
  5 goblins
  5 hobgoblins
  8 jackals
  10 kobolds
  2 quokkas
  7 bats
  9 frilled lizards
  A jackal skeleton (D:6)
  A leopard gecko skeleton (D:6)
  A leopard gecko zombie (D:5)
  8 rats
  A plant (D:4)
154 creatures vanquished.

Notes
Turn   | Place    | Note
-------+----------+-------------------------------------------
     0 | Abyss:1  | mortelune the Formicid Abyssal Knight began the quest for
                  | the Orb.
     0 | Abyss:1  | Reached XP level 1. HP: 18/18 MP: 2/2
     5 | Abyss:1  | Found a corrupted altar of Lugonu.
    34 | Abyss:1  | Noticed a purple draconian
    34 | Abyss:1  | Noticed a sixfirhy
    35 | D:1      | Escaped the Abyss
   192 | D:1      | Reached XP level 2. HP: 23/24 MP: 3/3
   261 | D:1      | Reached * piety under Lugonu
   825 | D:1      | Reached XP level 3. HP: 27/29 MP: 4/4
  1412 | D:2      | Found an iron altar of Okawaru.
  1418 | D:2      | Reached skill level 3 in Axes
  2587 | D:3      | Reached XP level 4. HP: 17/37 MP: 5/5
  3124 | D:3      | Reached ** piety under Lugonu
  3229 | D:3      | Found a shadowy altar of Dithmenos.
  3306 | D:3      | Reached XP level 5. HP: 38/42 MP: 6/6
  3812 | D:4      | Noticed an ogre
  3902 | D:4      | Reached skill level 4 in Axes
  4049 | D:5      | Entered Level 5 of the Dungeon
  4069 | D:5      | Noticed an ice beast
  4099 | D:5      | Killed an ice beast
  4099 | D:5      | Reached XP level 6. HP: 19/49 MP: 7/7
  4397 | D:5      | Noticed a sky beast
  4428 | D:5      | Killed a sky beast
  4428 | D:5      | Reached skill level 5 in Axes
  4428 | D:5      | Reached XP level 7. HP: 19/55 MP: 8/8
  4653 | D:5      | Found a sacrificial altar of Ru.
  4690 | D:4      | You fall into a shaft and drop 3 floors!
  4717 | D:7      | Noticed a hippogriff
  4820 | D:6      | Reached skill level 5 in Fighting
  5572 | D:4      | Found a white marble altar of Elyvilon.
  5625 | D:4      | Found a staircase to the Ecumenical Temple.
  6014 | D:4      | Found an ancient bone altar of Kikubaaqudgha.
  6020 | D:4      | Found a shimmering blue altar of Sif Muna.
  6021 | D:4      | Found a radiant altar of Vehumet.
  6033 | D:4      | Identified Sif Muna's Compendium of Translocation
  6410 | D:5      | Found a glowing golden altar of the Shining One.
  6413 | D:5      | Noticed a yak
  6413 | D:5      | Noticed a yak
  6420 | D:5      | Noticed a yak
  6829 | D:6      | Reached skill level 6 in Axes
  6832 | D:6      | Reached XP level 8. HP: 20/63 MP: 9/9
  7053 | D:6      | Found a blossoming altar of Fedhas.
  7270 | D:6      | Reached skill level 5 in Armour
  7384 | D:6      | Found a snail-covered altar of Cheibriados.
  7881 | D:6      | Got a scorched dagger
  7882 | D:6      | Identified the +8 dagger of Kismet {speed, rC+ MR++} (You
                  | found it on level 6 of the Dungeon)
  8139 | D:7      | You fall into a shaft and drop 3 floors!
  8139 | D:10     | Entered Level 10 of the Dungeon
  8360 | D:10     | Noticed Harold
  8360 | D:10     | Noticed a two-headed ogre
  8368 | D:10     | Noticed a yak
  8547 | D:9      | Reached skill level 7 in Axes
  8609 | D:8      | Gained mutation: You are clumsy. (Dex -2) [potion of
                  | mutation]
  8609 | D:8      | Gained mutation: You are partially covered in icy blue
                  | scales. (AC +2) [potion of mutation]
  8931 | D:7      | Noticed a hippogriff
  8940 | D:7      | Killed a hippogriff
  8940 | D:7      | Reached XP level 9. HP: 58/71 MP: 7/10
  9046 | D:7      | Reached skill level 8 in Axes
  9275 | D:7      | Found a burning altar of Makhleb.
  9389 | D:7      | Killed a hippogriff
  9783 | D:5      | Reached skill level 9 in Axes
 10221 | D:8      | Found a bloodstained altar of Trog.
 10554 | D:8      | Reached *** piety under Lugonu
 10557 | D:8      | Reached XP level 10. HP: 80/80 MP: 11/11
 10809 | D:8      | Noticed a two-headed ogre
 10832 | D:8      | Slain by a two-headed ogre

Levels and vault maps discovered:
D:1:      mrwooster_arrival_statue, layout_basic
D:2:      layout_basic, overflow_temple_1_default, first_ration
D:3:      cheibrodos_old_hovel, layout_loops_ring, marbit_many_paths
D:4:      layout_loops_cross, grunt_temple_overflow_magic_moments,
          minmay_temple_entry_gardened_gates, minivault_26, elyvilon_altar_3
D:5:      layout_rooms, lemuel_crystal_altar, nicolae_ru_path_of_blood
D:6:      layout_gridville, fedhas_ov_isle_minmay, slow_altar_2,
          hangedman_decor_push
D:7:      layout_basic, kennysheep_mini
D:8:      minmay_ornate_pinched, layout_basic, trog_ov_bears_minmay,
          blue_anna_alchemist [blue_anna_fruit_fields, blue_anna_fruit_fields]
D:9:      layout_cave_pods, overflow_temple_1_default, lemuel_doored_altar,
          orc_0_dummy, minivault_15
D:10:     layout_basic, minmay_between, uniq_harold

Skill      XL: |  1  2  3  4  5  6  7  8  9 10 |
---------------+-------------------------------+-----
Axes           | 3 4 5 6 7 9 |  9.6
Armour         | 3 4 6 7 |  7.5
Fighting       | 4 5 6 7 8 |  8.0
Dodging        | |  0.8
Invocations    | |  2.2

Action                   |  1- 3 |  4- 6 |  7- 9 | 10-12 || total
-------------------------+-------+-------+-------+-------++-------
Melee: Hand axe          |   168 |   191 |    33 |       ||   392
       Battleaxe         |       |       |   357 |    33 ||   390
Throw: Javelin           |       |       |     1 |       ||     1
       Boomerang         |       |       |     1 |       ||     1
Invok: Depart the Abyss  |     1 |       |       |       ||     1
       Banish            |       |       |       |     2 ||     2
 Abil: Shaft Self        |       |       |     1 |     1 ||     2
  Use: Scroll            |       |     8 |     7 |     1 ||    16
       Potion            |       |     2 |     8 |       ||    10
 Stab: Sleeping          |     1 |       |       |       ||     1
  Eat: Chunk             |     4 |     4 |    14 |       ||    22
       Ration            |       |     1 |     2 |       ||     3
Armor: Leather armour    |    42 |       |       |       ||    42
       Ring mail         |    13 |    17 |       |       ||    30
       Chain mail        |       |    73 |   276 |    24 ||   373
       Skin              |       |       |    31 |       ||    31
Dodge: Dodged            |   112 |    83 |   185 |    15 ||   395
